 Dungeon Crawl Stone Soup version 0.30.1-4-g462c640d31 (webtiles) character file.

Game seed: 2444817863796570983

1330 fireball365 the Cleaver (level 8, -16/61 HPs)
             Began as a Hill Orc Fighter on Sept 17, 2023.
             Was an Initiate of Gozag.
             Demolished by a two-headed ogre
             ... wielding a +0 giant spiked club
              (29 damage)
             ... on level 6 of the Dungeon.
             The game lasted 00:11:58 (5048 turns).

fireball365 the Cleaver (Hill Orc Fighter)          Turns: 5048, Time: 00:11:59

Health: -16/61     AC: 13    Str: 27    XL:     8   Next: 60%
Magic:  8/8        EV:  9    Int:  8    God:    Gozag
Gold:   241        SH:  0    Dex: 10    Spells: 7/7 levels left

rFire   . . .        b - +0 battleaxe
rCold   . . .        (shield currently unavailable)
rNeg    . . .        y - +0 chain mail
rPois   .            (no helmet)
rElec   .            (no cloak)
rCorr   .            h - +2 pair of gloves
SInv    .            (no boots)
Will    +....        i - amulet of the acrobat Stlth
                     j - +6 ring of strength
HPRegen 0.30/turn    u - ring of flight
MPRegen 0.11/turn

%: acrobat
@: flying
A: frail 1, strong-willed 1, MP-powered wands
a: Renounce Religion, Potion Petition, Call Merchant, Bribe Branch


You were on level 6 of the Dungeon.
You worshipped Gozag.
Gozag was aware of your devotion.
You visited 2 branches of the dungeon, and saw 7 of its levels.
You also visited: Sewer.

You collected 338 gold pieces.
You paid 97 gold pieces to Gozag.

Inventory:

Hand Weapons
 a - a +0 war axe
 b - a +0 battleaxe (weapon)
Missiles
 F - 5 poisoned darts (quivered)
Armour
 c - a +1 buckler
 h - a +2 pair of gloves (worn)
 w - a +0 kite shield
 y - a +0 chain mail (worn)
Jewellery
 i - an amulet of the acrobat (around neck)
 j - a +6 ring of strength (left hand)
 u - a ring of flight (right hand)
 D - an amulet of faith
 E - a ring of protection from cold
Wands
 t - a wand of charming (7)
 A - a wand of flame (23)
Scrolls
 f - a scroll of enchant armour
 l - 2 scrolls of fog
 o - 2 scrolls of summoning
 q - 2 scrolls of teleportation {unknown}
 r - 2 scrolls of torment
 s - 2 scrolls of poison
 v - a scroll of enchant weapon {unknown}
 B - a scroll of immolation {unknown}
 C - a scroll of amnesia {unknown}
Potions
 d - 3 potions of might
 e - a potion of heal wounds {unknown}
 g - 2 potions of invisibility
 k - 2 potions of brilliance
 m - a potion of attraction
 n - 2 potions of lignification
 p - 2 potions of resistance
 x - a potion of cancellation
 z - a potion of flight {unknown}


   Skills:
 - Level 5.3 Fighting
 + Level 9.8 Axes
 + Level 5.8 Armour
 + Level 2.2 Dodging
 + Level 0.6 Stealth
 + Level 4.8 Shields


You had 7 spell levels left.
You didn't know any spells.
Your spell library was empty.

Dungeon Overview and Level Annotations

Branches:
Dungeon (6/15)             Temple (1/1) D:5           Sewer (visited)

Altars:
Cheibriados
Dithmenos
Fedhas
Gozag
Hepliaklqana
Kikubaaqudgha
Makhleb
Nemelex Xobeh
Okawaru
Qazlal
Ru
Sif Muna
Trog
Uskayaw
Vehumet
Wu Jian
Xom
Zin
The Shining One


Innate Abilities, Weirdness & Mutations

You are frail. (-10% HP)
You are strong-willed. (Will+)
You expend magic power (3 MP) to strengthen your wands.


Message History

You blink.
The phantom misses you. The phantom barely misses you.
The phantom completely misses you.
You slice the phantom!!
The phantom is severely damaged.
The phantom hits you but does no damage.
You slash the phantom!
You destroy the phantom!
You now have 241 gold pieces (gained 8).
You see here a +0 kite shield.
w - a +0 kite shield A two-headed ogre comes into view.
It is wielding a +0 giant spiked club and a +0 giant club.
The two-headed ogre shouts in stereo!
You see here a scroll of enchant armour.
The two-headed ogre closely misses you. x2
You slice the two-headed ogre!!
The two-headed ogre is moderately wounded.
The two-headed ogre hits you with a +0 giant spiked club!
The two-headed ogre hits you with a +0 giant club!
You barely miss the two-headed ogre.
The two-headed ogre is moderately wounded.
The two-headed ogre barely misses you.
The two-headed ogre hits you with a +0 giant club.
You slash the two-headed ogre!
The two-headed ogre is heavily wounded.
You barely miss the two-headed ogre.
The two-headed ogre is heavily wounded.
The two-headed ogre barely misses you.
The two-headed ogre hits you but does no damage.
You slice the two-headed ogre!!
The two-headed ogre is almost dead.
The two-headed ogre hits you with a +0 giant spiked club!
* * * LOW HITPOINT WARNING * * *
The two-headed ogre closely misses you.
You closely miss the two-headed ogre.
The two-headed ogre is almost dead.
The two-headed ogre hits you with a +0 giant spiked club!!
You die...
Your body crumbles into a pile of gold.

+..... #.....
#....# #.....
#....# #.....
#....# #.....
#....# #.....
+....#
#.....####....#
#.........<...#
#....O@.......#
#.............#
#.......?.....#
#######+#######


You could see a two-headed ogre.

Vanquished Creatures
  Eustachio (D:4)
  An ice beast (D:5)
  A black bear (D:4)
  2 phantoms
  Blork the orc (D:4)
  3 scorpions
  A howler monkey (D:5)
  3 hounds
  An orc priest (D:4)
  Natasha (thrice) (D:3)
  2 iguanas (D:5)
  4 orc wizards
  4 gnolls (D:5)
  6 adders
  A river rat (Sewer)
  An ufetubus (D:5)
  A worm (D:3)
  4 dart slugs
  21 orcs
  5 endoplasms
  4 giant cockroaches
  7 goblins
  3 hobgoblins
  3 jackals (D:2)
  5 kobolds
  7 quokkas
  4 ball pythons
  4 bats
  9 frilled lizards
  25 rats
137 creatures vanquished.

Vanquished Creatures (others)
  A goblin (D:3)
1 creature vanquished.

Grand Total: 138 creatures vanquished

Notes
Turn   | Place    | Note
-------+----------+-------------------------------------------
     0 | D:1      | fireball365 the Hill Orc Fighter began the quest for the
                  | Orb.
     0 | D:1      | Reached XP level 1. HP: 19/19 MP: 1/1
   104 | D:1      | Reached XP level 2. HP: 20/27 MP: 2/2
   803 | D:1      | Gained mutation: You are frail. (-10% HP) [potion of
                  | mutation]
   803 | D:1      | Gained mutation: You are strong-willed. (Will+) [potion of
                  | mutation]
   803 | D:1      | Gained mutation: You expend magic power (3 MP) to
                  | strengthen your wands. [potion of mutation]
   930 | D:2      | Reached skill level 3 in Axes
   930 | D:2      | Reached XP level 3. HP: 26/29 MP: 3/3
  1736 | D:3      | Noticed a scorpion
  1743 | D:3      | Killed a scorpion
  1744 | D:3      | Reached skill level 4 in Axes
  1744 | D:3      | Reached XP level 4. HP: 24/36 MP: 4/4
  1792 | D:3      | Reached XP level 5. HP: 28/41 MP: 5/5
  1886 | D:3      | Noticed Natasha
  1896 | D:3      | Killed Natasha
  1897 | D:3      | Reached skill level 5 in Axes
  1897 | D:3      | Reached skill level 1 in Dodging
  1966 | D:3      | Found a glowing drain.
  1970 | Sewer    | Entered a sewer
  2191 | Sewer    | Reached XP level 6. HP: 47/47 MP: 6/6
  2573 | D:3      | Noticed Natasha
  2593 | D:3      | Killed Natasha
  2950 | D:3      | Noticed Natasha
  2958 | D:3      | Killed Natasha
  3070 | D:4      | Reached skill level 6 in Axes
  3073 | D:4      | Reached XP level 7. HP: 44/54 MP: 7/7
  3112 | D:4      | Noticed Eustachio
  3128 | D:4      | Killed Eustachio
  3129 | D:4      | Reached skill level 7 in Axes
  3133 | D:4      | Reached skill level 5 in Armour
  3272 | D:4      | Reached skill level 5 in Fighting
  3463 | D:4      | Reached skill level 8 in Axes
  3592 | D:4      | Noticed Blork the orc
  3601 | D:4      | Killed Blork the orc
  3602 | D:4      | Reached XP level 8. HP: 60/61 MP: 8/8
  4146 | D:5      | Entered Level 5 of the Dungeon
  4444 | D:5      | Reached skill level 9 in Axes
  4537 | D:5      | Found a staircase to the Ecumenical Temple.
  4545 | Temple   | Entered the Ecumenical Temple
  4597 | Temple   | Became a worshipper of Gozag Ym Sagoz the Greedy
  5038 | D:6      | Noticed a two-headed ogre
  5048 | D:6      | Demolished by a two-headed ogre

Illustrated notes

Levels and vault maps discovered:
D:1:      grunt_arrival_lava_bath, layout_basic, minmay_tetromino_t2
D:2:      layout_loops_ring, hangedman_decor_opposing
D:3:      layout_rooms, gup_sewer_entry_bowl, serial_bayou_lake_a, uniq_natasha
D:4:      layout_cave_pods, uniq_blork_the_orc, uniq_eustachio
D:5:      layout_loops_cross, minmay_temple_entry_trees, minmay_misc_feat_rugged
D:6:      layout_gridville, serial_shops, nicolae_shop_crystal,
          kennysheep_another_room, uniq_prince_ribbit1
Temple:   hellmonk_temple_of_storms

Skill      XL: |  1  2  3  4  5  6  7  8 |
---------------+-------------------------+-----
Fighting       | 4 5 |  5.3
Axes           | 3 4 5 6 8 9 |  9.8
Armour         | 4 5 |  5.8
Shields        | 4 |  4.8
Dodging        | 1 2 |  2.2
Stealth        | |  0.6

Action                     |  1- 3 |  4- 6 |  7- 9 || total
---------------------------+-------+-------+-------++-------
  Melee: War axe           |   112 |   159 |    71 ||   342
         Battleaxe         |       |       |    71 ||    71
    Use: Scroll            |     5 |     1 |     3 ||     9
         Potion            |     5 |       |       ||     5
   Stab: Invisible         |     2 |     1 |       ||     3
 Armour: Scale mail        |    85 |    88 |    26 ||   199
         Chain mail        |       |       |    65 ||    65
  Dodge: Dodged            |    74 |   125 |   143 ||   342
  Block: Buckler           |    34 |    63 |    26 ||   123
